 Dungeon Crawl Stone Soup version bcrawl-1.40.3b (webtiles) character file.

Game seed: 9341905842626363225

356770 Finalfun the Covert (level 10, -1/76 HPs)
             Began as a Gnoll Archaeologist on Mar 24, 2024.
             Was an Initiate of Gozag.
             Slain by an orc warrior
             ... wielding a +0 halberd
              (20 damage)
             ... on level 8 of the Dungeon.
             The game lasted 00:18:16 (7381 turns).

Finalfun the Covert (Gnoll Archaeologist)           Turns: 7381, Time: 00:18:16

Health: -1/76      AC: 13    Str: 16    XL:     10   Next: 71%
Magic:  18/18      EV: 13    Int: 18    God:    Gozag
Gold:   1216       SH:  0    Dex: 13    Spells: 18/19 levels left

rFire    . . .     GDR:     30% a - +2 dagger (venom)
rCold    . . .     SeeInvis .   (no shield)
rNeg     . . .     Gourm    .   N - +2 scale mail of the Stars {Slay+2}
rPois    +         Faith    .   d - +1 hat
rElec    .         Spirit   .   (no cloak)
rCorr    .         Reflect  .   M - +0 pair of gloves
MR       +....                  s - +1 pair of boots
Stlth    +++.......             l - amulet of regeneration
HPRegen  0.76/turn              F - ring of protection from magic
MPRegen  0.16/turn              j - ring of poison resistance

@: gold aura
A: distributed training, fangs 1, strong nose
a: Potion Petition, Call Merchant, Bribe Branch, Renounce Religion


You were on level 8 of the Dungeon.
You worshipped Gozag.
Gozag was most pleased with you.
You were very hungry.

You visited 1 branch of the dungeon, and saw 8 of its levels.
You also visited: Sewer.

You collected 1334 gold pieces.
You paid 118 gold pieces to Gozag.

Inventory:

Hand Weapons
 a - a +2 dagger of venom (weapon)
 b - a +0 blowgun
Missiles
 f - 6 curare-tipped needles
 k - 647 arrows
 n - 387 bolts
 t - 1934 stones
 u - 132 poisoned tomahawks (quivered)
 S - 80 poisoned needles
Armour
 d - a +1 hat (worn)
 s - a +1 pair of boots (worn)
 w - a scarf of stasis
 M - a +0 pair of gloves (worn)
 N - the +2 scale mail of the Stars (worn) {Slay+2}
   (You found it on level 6 of the Dungeon)

   It affects your accuracy and damage with ranged weapons and melee attacks
   (+2).
Jewellery
 h - the amulet "Ogomoh" {Rage rN+}
   (You acquired it on level 2 of the Dungeon)

   [amulet of rage]

   It protects you from negative energy.
 j - a ring of poison resistance (right hand)
 l - an amulet of regeneration (around neck)
 m - an uncursed ring of insulation
 F - a ring of protection from magic (left hand)
 R - a cursed amulet of inaccuracy {unknown}
Wands
 v - a wand of disintegration (14)
 H - a wand of acid (6)
 P - a wand of clouds (3)
Scrolls
 g - 5 scrolls of revelation
 i - 3 scrolls of identify
 p - 7 scrolls of teleportation
 r - 2 scrolls of blinking
 y - a scroll of fog
 B - a scroll of fear
 C - 8 scrolls of remove curse
 E - 2 scrolls of enchant weapon {unknown}
 G - 6 scrolls of enchant armour {unknown}
 J - a scroll of noise {unknown}
 L - a scroll of amnesia {unknown}
Potions
 c - 2 potions of degeneration {unknown}
 o - a potion of cancellation
 q - 4 potions of curing
 x - a potion of berserk rage {unknown}
 z - 2 potions of mutation {unknown}
 A - a potion of heal wounds
 D - 2 potions of haste {unknown}
 I - a potion of magic {unknown}
 K - 2 potions of brilliance {unknown}
 O - a potion of flight {unknown}
 Q - a potion of ambrosia {unknown}
Comestibles
 e - 12 rations {!d}


   Skills:
 + Level 6.1 Fighting
 + Level 5.4 Short Blades
 + Level 5.4 Long Blades
 + Level 5.4 Axes
 + Level 6.1 Maces & Flails
 + Level 5.4 Polearms
 + Level 5.4 Staves
 + Level 5.4 Slings
 + Level 5.4 Bows
 + Level 5.4 Crossbows
 + Level 5.4 Throwing
 + Level 5.4 Armour
 + Level 8.6 Dodging
 + Level 8.6 Stealth
 + Level 5.4 Shields
 + Level 5.4 Unarmed Combat
 + Level 5.4 Spellcasting
 + Level 4.5 Conjurations
 + Level 4.5 Hexes
 + Level 4.5 Charms
 + Level 4.5 Summonings
 + Level 4.5 Necromancy
 + Level 4.5 Translocations
 + Level 4.5 Transmutations
 + Level 4.5 Fire Magic
 + Level 4.5 Ice Magic
 + Level 4.5 Air Magic
 + Level 4.5 Earth Magic
 + Level 4.5 Poison Magic
 + Level 6.0 Invocations
 + Level 5.4 Evocations


You had 18 spell levels left.
You knew the following spells:

 Your Spells              Type           Power        Failure   Level  Hunger
a - Sandblast             Erth           ###...       7%          1    None

Your spell library contained the following spells:

 Spells                   Type           Power        Failure   Level  Hunger
 Passwall                 Tmut/Erth      ###.....     10%         2    None
 Stone Arrow              Conj/Erth      ###...       21%         3    ##.....
 Petrify                  Tmut/Erth      ###.......   54%         4    ####...
 Lee's Rapid Deconstruct  Erth           ###.......   88%         5    ######.


Dungeon Overview and Level Annotations

Branches:
Dungeon (8/12)             Temple (0/1) D:7             Orc (0/1) D:8
   Lair: D:7-9

Altars:
Ashenzari
Elyvilon
Fedhas
Gozag
Lugonu
Okawaru
Sif Muna
Trog
Wu Jian

Shops:
D:6 [*(*!

Annotations:
D:3 exclusion: kobold, Sigmund


Innate Abilities, Weirdness & Mutations

Your experience applies equally to all skills.
You have very sharp teeth.
Your uncanny sense of smell can sniff out nearby items.


Message History

You barely miss the troll. The troll bites you but does no damage.
The troll claws you! The troll closely misses you.
You hit the troll.
The troll looks more poisoned.
The troll is lightly wounded.
You hit the troll.
The troll looks more poisoned.
You bite the troll.
The troll is heavily wounded.
The troll closely misses you. The troll claws you but does no damage.
The troll claws you.
You hit the troll but do no damage.
The troll looks more poisoned.
The troll is heavily wounded.
The troll bites you. The troll claws you. The troll barely misses you.
You puncture the troll!
The troll looks more poisoned.
The troll is severely wounded.
The troll closely misses you. The troll barely misses you. The troll claws you!
* * * LOW HITPOINT WARNING * * *
You hit the troll.
The troll looks more poisoned.
The troll is almost dead.
The orc warrior hits you from afar with a +0 halberd!!
You die...
Your body crumbles into a pile of gold.

......## #.#
#.# .)..###
###.# #.#
.)..)###....#
#.#
....)..<.####
#.#
.....###.#
#.# #.#.## .#
######.#
#.#.# ##
#......#
....# $$
#.######
#.#.# #.oo
#@# #.#.#


#ooo #T# #.#.###ooo #o# ......#oo. ### #o# #.#.###$.o#....$...# #.#...#
#.#)####.#.# #.##### #$..# #.#.# #.# #..# #.# # ..# #o.# #.. You could see a
troll, an orc warrior and an orc.

Vanquished Creatures
  Erica (D:8)
  Pikel (D:4)
  A gargoyle (D:8)
  2 trolls (D:8)
  A slime creature (D:6)
  4 yaks (D:8)
  A crocodile (Sewer)
  7 orc warriors
  A slave (D:4)
  6 ogres
  A centaur (D:6)
  3 scorpions
  2 killer bees (D:7)
  A wight (D:7)
  2 howler monkeys (D:6)
  4 orc priests
  A vampire bat (D:5)
  4 crimson imps
  A bullfrog zombie (D:8)
  2 jellies (D:7)
  5 hounds
  3 orc wizards
  2 bullfrog skeletons
  3 iguanas
  6 worker ants
  2 hound skeletons
  6 gnolls
  5 adders
  An ooze (D:2)
  An adder zombie (D:7)
  4 worms
  2 dart slugs (D:2)
  3 fire bats (D:5)
  5 leopard geckos
  34 orcs
  2 spectral bats (D:5)
  3 ball pythons
  3 bat skeletons (D:5)
  A bat zombie (D:5)
  3 giant cockroaches (D:2)
  6 goblins
  8 hobgoblins
  12 jackals
  7 kobolds
  3 quokkas
  13 bats
  A bat simulacrum (D:5)
  A frilled lizard (D:5)
  A quokka skeleton (D:5)
  5 rats
197 creatures vanquished.

Vanquished Creatures (others)
  A slave (D:4)
1 creature vanquished.

Grand Total: 198 creatures vanquished

Notes
Turn   | Place    | Note
-------+----------+-------------------------------------------
     0 | D:1      | Finalfun the Gnoll Archaeologist began the quest for the
                  | Orb.
     0 | D:1      | Reached XP level 1. HP: 17/17 MP: 1/1
    83 | D:1      | Got a clouded lapis lazuli ring
   254 | D:1      | Reached XP level 2. HP: 18/23 MP: 2/2
   853 | D:2      | Reached XP level 3. HP: 27/28 MP: 3/3
   879 | D:2      | Reached skill level 1 in Invocations
   908 | D:2      | Reached skill level 1 in Short Blades
   908 | D:2      | Reached skill level 1 in Long Blades
   908 | D:2      | Reached skill level 1 in Axes
   908 | D:2      | Reached skill level 1 in Polearms
   908 | D:2      | Reached skill level 1 in Staves
   908 | D:2      | Reached skill level 1 in Slings
   908 | D:2      | Reached skill level 1 in Bows
   908 | D:2      | Reached skill level 1 in Crossbows
   908 | D:2      | Reached skill level 1 in Throwing
   908 | D:2      | Reached skill level 1 in Armour
   908 | D:2      | Reached skill level 1 in Shields
   908 | D:2      | Reached skill level 1 in Unarmed Combat
   908 | D:2      | Reached skill level 1 in Spellcasting
   908 | D:2      | Reached skill level 1 in Evocations
   910 | D:2      | Reached XP level 4. HP: 18/34 MP: 5/5
   977 | D:2      | Found a faded altar of an unknown god.
  1270 | D:2      | Found a corrupted altar of Lugonu.
  1412 | D:3      | Reached skill level 1 in Conjurations
  1412 | D:3      | Reached skill level 1 in Hexes
  1412 | D:3      | Reached skill level 1 in Charms
  1412 | D:3      | Reached skill level 1 in Summonings
  1412 | D:3      | Reached skill level 1 in Necromancy
  1412 | D:3      | Reached skill level 1 in Translocations
  1412 | D:3      | Reached skill level 1 in Transmutations
  1412 | D:3      | Reached skill level 1 in Fire Magic
  1412 | D:3      | Reached skill level 1 in Ice Magic
  1412 | D:3      | Reached skill level 1 in Air Magic
  1412 | D:3      | Reached skill level 1 in Earth Magic
  1412 | D:3      | Reached skill level 1 in Poison Magic
  1422 | D:3      | Found an iron altar of Okawaru.
  1485 | D:3      | Reached XP level 5. HP: 33/40 MP: 6/6
  1485 | D:3      | Identified a scroll of acquirement
  1579 | D:2      | Identified the amulet "Ogomoh" {Rage rN+} (You acquired it
                  | on level 2 of the Dungeon)
  1687 | D:3      | Noticed Sigmund
  1734 | D:3      | Found an ornate altar of the Wu Jian Council.
  1734 | D:3      | Found a bloodstained altar of Trog.
  2092 | D:4      | Found a glowing drain.
  2114 | Sewer    | Entered a sewer
  2196 | Sewer    | Noticed a crocodile
  2215 | Sewer    | Killed a crocodile
  2216 | Sewer    | Reached XP level 6. HP: 5/47 MP: 8/8
  2442 | D:4      | Noticed a slave
  2478 | D:4      | Noticed a slave
  2495 | D:4      | Killed a slave
  2501 | D:4      | Noticed a slave
  2501 | D:4      | Noticed Pikel
  2504 | D:4      | Noticed a slave
  2542 | D:4      | Killed Pikel
  2543 | D:4      | Reached XP level 7. HP: 50/53 MP: 8/10
  2606 | D:3      | Reached XP level 8. HP: 15/60 MP: 12/12
  3034 | D:4      | Found a white marble altar of Elyvilon.
  3422 | D:5      | Entered Level 5 of the Dungeon
  3716 | D:5      | Identified the cursed ring "Sogrer" {rF- Slay+3 SInv
                  | Stlth--} (You found it on level 1 of the Dungeon)
  3774 | D:5      | Found an opulent altar of Gozag.
  3783 | D:5      | Became a worshipper of Gozag Ym Sagoz the Greedy
  4135 | D:5      | Found a blossoming altar of Fedhas.
  4329 | D:6      | Found Hiuzelaph's Weapon Emporium.
  4333 | D:6      | Found Lij Kosh's General Store.
  4413 | D:6      | Found Kajasikope's Armour Emporium.
  4417 | D:6      | Found Nolopp's Assorted Antiques.
  4599 | D:6      | Reached XP level 9. HP: 60/66 MP: 14/14
  4605 | D:6      | Found Liuhuddi's Distillery.
  4770 | D:6      | Got a bloodstained scale mail
  4850 | D:6      | Found a shattered altar of Ashenzari.
  5102 | D:6      | Identified the +2 scale mail of the Stars {Slay+2} (You
                  | found it on level 6 of the Dungeon)
  5471 | D:7      | Reached skill level 5 in Fighting
  5471 | D:7      | Reached skill level 5 in Maces & Flails
  5605 | D:7      | Found a staircase to the Ecumenical Temple.
  6140 | D:8      | Reached skill level 5 in Invocations
  6182 | D:8      | Noticed a troll
  6190 | D:8      | Killed a troll
  6191 | D:8      | Reached XP level 10. HP: 65/74 MP: 15/17
  6241 | D:7      | Learned a level 1 spell: Sandblast
  6279 | D:8      | Found a shimmering blue altar of Sif Muna.
  6282 | D:8      | Noticed a gargoyle
  6561 | D:8      | Reached skill level 5 in Short Blades
  6561 | D:8      | Reached skill level 5 in Long Blades
  6561 | D:8      | Reached skill level 5 in Axes
  6561 | D:8      | Reached skill level 5 in Polearms
  6561 | D:8      | Reached skill level 5 in Staves
  6561 | D:8      | Reached skill level 5 in Slings
  6561 | D:8      | Reached skill level 5 in Bows
  6561 | D:8      | Reached skill level 5 in Crossbows
  6561 | D:8      | Reached skill level 5 in Throwing
  6561 | D:8      | Reached skill level 5 in Armour
  6561 | D:8      | Reached skill level 5 in Shields
  6561 | D:8      | Reached skill level 5 in Unarmed Combat
  6561 | D:8      | Reached skill level 5 in Spellcasting
  6561 | D:8      | Reached skill level 5 in Evocations
  6623 | D:8      | Noticed Erica
  6645 | D:8      | Killed Erica
  6687 | D:8      | Found a staircase to the Orcish Mines.
  6762 | D:8      | Killed a gargoyle
  7381 | D:8      | Slain by an orc warrior

Skill      XL: |  1  2  3  4  5  6  7  8  9 10 |
---------------+-------------------------------+-----
Invocations    | 1 2 3 4 5 6 |  6.0
Short Blades   | 1 2 3 4 5 |  5.4
Long Blades    | 1 2 3 4 5 |  5.4
Axes           | 1 2 3 4 5 |  5.4
Polearms       | 1 2 3 4 5 |  5.4
Staves         | 1 2 3 4 5 |  5.4
Slings         | 1 2 3 4 5 |  5.4
Bows           | 1 2 3 4 5 |  5.4
Crossbows      | 1 2 3 4 5 |  5.4
Throwing       | 1 2 3 4 5 |  5.4
Armour         | 1 2 3 4 5 |  5.4
Shields        | 1 2 3 4 5 |  5.4
Unarmed Combat | 1 2 3 4 5 |  5.4
Spellcasting   | 1 2 3 4 5 |  5.4
Evocations     | 1 2 3 4 5 |  5.4
Conjurations   | 1 2 3 4 |  4.5
Hexes          | 1 2 3 4 |  4.5
Charms         | 1 2 3 4 |  4.5
Summonings     | 1 2 3 4 |  4.5
Necromancy     | 1 2 3 4 |  4.5
Translocations | 1 2 3 4 |  4.5
Transmutations | 1 2 3 4 |  4.5
Fire Magic     | 1 2 3 4 |  4.5
Ice Magic      | 1 2 3 4 |  4.5
Air Magic      | 1 2 3 4 |  4.5
Earth Magic    | 1 2 3 4 |  4.5
Poison Magic   | 1 2 3 4 |  4.5
Fighting       | 3 4 5 6 |  6.1
Maces & Flails | 3 4 5 6 |  6.1
Dodging        | 7 8 |  8.6
Stealth        | 7 8 |  8.6

Action                   |  1- 3 |  4- 6 |  7- 9 | 10-12 || total
-------------------------+-------+-------+-------+-------++-------
Melee: Whip              |    20 |       |       |       ||    20
       Bite              |     7 |    18 |    37 |    28 ||    90
       Dagger            |    37 |   182 |   360 |   225 ||   804
       Punch             |       |     1 |     7 |     7 ||    15
Throw: Stone             |       |     7 |    10 |       ||    17
       Tomahawk          |       |       |     5 |     9 ||    14
  Use: Scroll            |     3 |     5 |     2 |       ||    10
       Potion            |       |     2 |     2 |     1 ||     5
 Stab: Sleeping          |     3 |     6 |     9 |     1 ||    19
       Invisible         |       |     1 |       |       ||     1
  Eat: Chunk             |     1 |     9 |     8 |       ||    18
       Ration            |       |       |     3 |     2 ||     5
Armor: Robe              |    14 |    42 |       |       ||    56
       Scale mail        |       |     5 |   127 |    50 ||   182
Dodge: Dodged            |    37 |   148 |   218 |   107 ||   510
